 Dungeon Crawl Stone Soup version 0.28-a0-313-gbc0475efdd (webtiles) character file.

Game seed: 14690944494791339471

145 Lochraine the Ruffian (level 5, -2/46 HPs)
             Began as a Ghoul Monk on Aug 31, 2021.
             Slain by a jelly (3 damage)
             ... on level 3 of the Dungeon.
             The game lasted 00:04:37 (3223 turns).

Lochraine the Ruffian (Ghoul Monk)                  Turns: 3223, Time: 00:04:37

Health: -2/46      AC:  0    Str: 16    XL:     5   Next: 27%
Magic:  0/4        EV:  6    Int:  5    God:
Gold:   125        SH:  3    Dex: 11    Spells: 4/4 levels left

rFire   . . .      SeeInvis .     - Unarmed
rCold   + . .      Faith    .   m - +0 buckler
rNeg    + + +      Spirit   +   b - +0 chain mail
rPois   ∞          Reflect  .   (no helmet)
rElec   .          Harm     .   (no cloak)
rCorr   .          Rampage  .   (no gloves)
Will    .....                   (no boots)
Stlth   ..........              p - amulet of guardian spirit
HPRegen 0.00/turn               (no ring)
MPRegen 0.09/turn               (no ring)

@: corroded, attractive, inhibited regen
A: claws 1, cold resistance 1, negative energy resistance 3, inhibited
regeneration, torment resistance 2
a: no special abilities


You were on level 3 of the Dungeon.
You visited 1 branch of the dungeon, and saw 3 of its levels.

You collected 125 gold pieces.

Inventory:

Armour
 a - a +0 robe
 b - a +0 chain mail (worn)
   (You found it on level 1 of the Dungeon)
 f - a +0 helmet
   (You found it on level 1 of the Dungeon)
 m - a +0 buckler (worn)
   (You found it on level 2 of the Dungeon)
Jewellery
 d - a ring of ice
   (You found it on level 1 of the Dungeon)
 p - an amulet of guardian spirit (around neck)
   (You found it on level 3 of the Dungeon)
Scrolls
 c - 6 scrolls of identify {unknown}
 e - a scroll of amnesia {unknown}
 h - 2 scrolls of teleportation {unknown}
Potions
 g - a potion of degeneration {unknown}
 i - a potion of heal wounds {unknown}
 j - a potion of might {unknown}
 k - a potion of brilliance {unknown}
 l - a potion of resistance {unknown}
 n - a potion of invisibility {unknown}
 q - a potion of magic {unknown}


   Skills:
 + Level 4.1 Fighting
 + Level 1.6 Armour
 - Level 2.6 Dodging
 - Level 3.0 Stealth
 + Level 0.8 Shields
 * Level 4.7 Unarmed Combat


You had 4 spell levels left.
You didn't know any spells.
Your spell library contained the following spells:

 Spells                   Type           Power      Damage    Failure   Level
 Magic Dart               Conj           0%         1d3       100%        1
 Call Imp                 Summ           0%         N/A       100%        2
 Mephitic Cloud           Conj/Pois/Air  0%         N/A       100%        3
 Portal Projectile        Hex/Tloc       0%         N/A       100%        3
 Excruciating Wounds      Necr           0%         N/A       100%        5
 Blade Hands              Tmut           Unusable   N/A       N/A         5

Dungeon Overview and Level Annotations

Branches:
Dungeon (3/15)

Altars:

Annotations:
D:2 Sigmund
D:3 3 runed translucent doors, bmj180's ghost, amateur DrCj


Innate Abilities, Weirdness & Mutations

You thrive by killing the living.
You are immune to poison.
You have sharp fingernails.
Your flesh is cold resistant. (rC+)
You are immune to negative energy. (rN+++)
You do not regenerate when monsters are visible.
You are immune to unholy pain and torment.


Message History

r - a +1 flail of protection (weapon)
Drop what? 18/52 slots (_ for help) (? for menu, Esc to quit)
Your +1 flail of protection goes still.
You are now empty-clawed.
You drop a +1 flail of protection.
A quokka comes into view.
You claw the quokka!
You kill the quokka!
No target in view!
No target in view!
Found a ring mail.
An adder comes into view.
The adder hisses angrily.
You claw the adder!
You kill the adder!
No target in view!
No target in view!
There is an open door here.
As you open the door, it creaks loudly!
There is an open door here.
The frilled lizard hisses angrily.
Bmj180's ghost turns its malevolent gaze towards you.
Bmj180's ghost says, "I was like you once."
The jelly quivers.
A jelly is nearby!
The jelly hits you but does no damage. The jelly hits you but does no damage.
You scratch the jelly but do no damage. The acid corrodes you!
Your claws burn!
The jelly hits you but does no damage.
You scratch the jelly but do no damage.
Your claws burn!
The jelly hits you.
You are splashed with acid!
You scratch the jelly.
Your claws burn!
The jelly hits you but does no damage.
You scratch the jelly.
Your claws burn!
The jelly hits you. The acid corrodes you!
You are splashed with acid!
* * * LOW HITPOINT WARNING * * *
You are too injured to fight recklessly!
You are too injured to fight recklessly!
You scratch the jelly.
Your claws burn!
The jelly jiggles.
The jelly hits you.
* * * LOW HITPOINT WARNING * * *
You are splashed with acid!
* * * LOW HITPOINT WARNING * * *
You scratch the jelly.
Your claws burn!
* * * LOW HITPOINT WARNING * * *
Okay, then.
Okay, then.
It was a potion of attraction.
You feel attractive to monsters. The jelly hits you.
You die...

#.####..............#.#...#.#.###
#........########...#..#.#..#....
#........# ##..#l#...#.#.###
#..).....# #..#Ww.....#....
#........# ####.#Zbo....#....
#........# #....###+++###....
.........# #.................
#.......## #.....##...#......
#....#### +@J........'......
#.#'## #......#.#.#...... #.#.#
####....#.#.#.#...... #'#.#
#.##....#...#.#.##### ....#
#.#.........#.#.##### ....#
#.#.......)>'........ ....#
#...........#.#.#### ....##
#...........#.#.# .....# #+#
#...........#.#.#


You could see a jelly, an orc and a bat.

Vanquished Creatures
  6 gnolls
  3 adders
  3 dart slugs
  An orc (D:2)
  4 endoplasms
  2 giant cockroaches (D:1)
  5 goblins
  4 hobgoblins (D:1)
  4 kobolds
  5 quokkas
  5 ball pythons
  A ball python skeleton (D:3)
  2 bats (D:2)
  9 frilled lizards
  4 rats
58 creatures vanquished.

Vanquished Creatures (others)
  A withered plant (D:3)
1 creature vanquished.

Grand Total: 59 creatures vanquished

Notes
Turn   | Place    | Note
-------+----------+-------------------------------------------
     0 | D:1      | Lochraine the Ghoul Monk began the quest for the Orb.
     0 | D:1      | Reached XP level 1. HP: 19/19 MP: 0/0
   151 | D:1      | Reached XP level 2. HP: 26/26 MP: 1/1
   899 | D:1      | Reached XP level 3. HP: 31/31 MP: 2/2
  1210 | D:2      | Reached skill level 1 in Armour
  1533 | D:2      | Reached XP level 4. HP: 40/40 MP: 3/3
  1622 | D:2      | Found a faded altar of an unknown god.
  2045 | D:2      | Noticed Sigmund
  2371 | D:3      | Found a runed translucent gate.
  2372 | D:3      | Found a runed translucent gate.
  2372 | D:3      | Found a runed translucent gate.
  2372 | D:3      | Noticed bmj180's ghost (amateur DrCj)
  2736 | D:3      | Reached XP level 5. HP: 32/46 MP: 2/4
  3221 | D:3      | HP: 1/46 [acid (5)]
  3223 | D:3      | Slain by a jelly

Illustrated notes

Levels and vault maps discovered:
D:1:      minmay_arrival_five_plusses, layout_loops_corners,
          grunt_decor_arrowhead
D:2:      layout_basic, dreamdust_ecumenical_altar_angels_and_demons,
          minmay_pentomino_q4, uniq_sigmund
D:3:      layout_basic, led_sif_pool, serial_undead, serial_undead_b,
          serial_undead_e, serial_undead_c, serial_undead_b,
          gammafunk_ghost_split

Skill      XL: |  1  2  3  4 |
---------------+-------------+-----
Unarmed Combat | 4 |  4.7
Armour         | 1 |  1.6
Stealth        | 3 |  3.0
Fighting       | 4 |  4.1
Dodging        | |  2.6
Shields        | |  0.8

Action                   |  1- 3 |  4- 6 || total
-------------------------+-------+-------++-------
Melee: Unarmed           |   122 |    82 ||   204
       Punch             |     1 |       ||     1
  Use: Potion            |       |     1 ||     1
Armor: Chain mail        |    54 |    37 ||    91
Dodge: Dodged            |    39 |    25 ||    64
Block: Buckler           |       |     7 ||     7

Table legend: (Time is in decaauts)
 A = Elapsed time spent in this place.
 B = Non-inter-level travel time spent in this place.
 C = Inter-level travel time spent in this place.
 D = Time resting spent in this place.
 E = Time spent auto-exploring this place.
 F = Levels seen in this place.
 G = Mean time per level.
                   A        B        C        D        E       F      G
               +--------+--------+--------+--------+--------+-----+--------+
         Total |   3217 |   3082 |    135 |    530 |   1951 |   3 | 1072.3 |
       Dungeon |   3217 |   3082 |    135 |    530 |   1951 |   3 | 1072.3 |
               +--------+--------+--------+--------+--------+-----+--------+

Top non-repeatable levels by time:
     D:1: 1305 daAuts
     D:2: 1298 daAuts
     D:3: 613 daAuts
